 Dungeon Crawl Stone Soup version 0.20.2 (webtiles) character file.

781 Alfie the Archer (level 7, 0/60 HPs)
             Began as a Minotaur Hunter on Mar 24, 2020.
             Splashed by a jelly's acid (8 damage)
             ... on level 6 of the Dungeon.
             The game lasted 00:14:46 (4150 turns).

Alfie the Archer (Minotaur Hunter)                  Turns: 4150, Time: 00:14:47

Health: 0/60       AC:  2    Str: 20    XL:     7   Next: 55%
Magic:  6/6        EV: 18    Int:  8    God:
Gold:   137        SH:  0    Dex: 16    Spells: 6/6 levels left

rFire    . . .     SeeInvis .   a - +1 shortbow
rCold    . . .     Gourm    .   (shield currently unavailable)
rNeg     . . .     Faith    .   c - +0 leather armour
rPois    .         Spirit   .   (helmet restricted)
rElec    .         Reflect  .   (no cloak)
rCorr    .         Harm     .   e - +0 pair of gloves
MR       .....                  (no boots)
Stlth    +++.......             (no amulet)
Regen    0.2/turn               (no ring)
MPRegen  0.1/turn               (no ring)

@: agile, corroded
A: retaliatory headbutt, horns 2, thin metallic scales 1, deterioration 1,
strong 1
a: no special abilities


You were on level 6 of the Dungeon.
You were not hungry.

You visited 1 branch of the dungeon, and saw 6 of its levels.

You collected 137 gold pieces.

Inventory:

Hand Weapons
 a - a +1 shortbow (weapon)
 b - a +0 short sword
Missiles
 d - 68 arrows (quivered)
 n - 5 tomahawks
Armour
 c - a +0 leather armour (worn)
 e - a +0 pair of gloves (worn)
 w - the +1 scale mail of Plog {+Blink Str-5 SInv, unknown}
   (You found it on level 5 of the Dungeon)

   It affects your strength (-5).
   It lets you see invisible.
   It lets you blink.
Jewellery
 i - an uncursed ring of protection from cold
 q - a cursed amulet of magic regeneration {unknown}
 r - an uncursed ring of protection from cold
 v - an uncursed ring of resist corrosion
 x - a +2 ring of intelligence
 y - a cursed -3 ring of dexterity {unknown}
 z - an uncursed amulet of guardian spirit {unknown}
Wands
 t - a wand of random effects (31/48)
Scrolls
 k - 3 scrolls of remove curse
 l - a scroll of fear
 s - a scroll of teleportation
 A - a scroll of identify
Potions
 f - 2 potions of curing {unknown}
 j - a potion of berserk rage {unknown}
 m - 2 potions of lignification
 o - a potion of haste {unknown}
 p - a potion of mutation
 u - 2 potions of agility
 C - a potion of might {unknown}
Books
 B - a book of Air

   Spells                             Type                      Level
   a - Shock                          Conjuration/Air              1
   b - Swiftness                      Charms/Air                   2
   c - Static Discharge               Conjuration/Air              3
   d - Airstrike                      Air                          4
   e - Lightning Bolt                 Conjuration/Air              5
Comestibles
 g - 4 royal jellies
 h - a meat ration


   Skills:
 + Level 4.4 Fighting
 + Level 1.8 Short Blades
 + Level 8.5 Bows
 + Level 2.6 Armour
 + Level 3.4 Dodging
 + Level 1.0 Stealth


You had 6 spell levels left.
You didn't know any spells.

Dungeon Overview and Level Annotations

Branches:
Dungeon (6/15)
 Temple: D:4-7

Altars:
Fedhas


Innate Abilities, Weirdness & Mutations

You reflexively headbutt those who attack you in melee.
You have a pair of horns on your head.
You are partially covered in thin metallic scales. (AC +2)
Your body sometimes deteriorates upon taking damage.
Your muscles are strong. (Str +2)


Message History

You feel agile all of a sudden.
Menkaure points at you and mumbles some strange words.
Pain shoots through your body!
* * * LOW HITPOINT WARNING * * *
Firing (i - inventory. (,) - cycle):
d - 70 arrows (quivered)
Press: ? - help, Shift-Dir - straight line, f/p - Menkaure
Aim: Menkaure (almost destroyed, fast)
You shoot an arrow. The arrow hits Menkaure!
You destroy Menkaure!
You feel your strength returning.
An ice beast comes into view.
Firing (i - inventory. (,) - cycle):
d - 69 arrows (quivered)
Press: ? - help, Shift-Dir - straight line, f - jelly
Aim: a jelly (heavily wounded)
You shoot an arrow. The arrow hits the jelly.
The jelly is almost dead.
The jelly hits you.
* * * LOW HITPOINT WARNING * * *
The acid corrodes you!
You are splashed with acid!
The acid burns!
You die...

####.#####
#.# # #.# .#
#.#
...######.#
#.#
..J...Y...#
#.# #(# #.#
#J# #.# #@#
#.#
#.########.#
#..........#
############


You could see an ice beast and a jelly.

Vanquished Creatures
  Menkaure (D:6)
  2 phantoms
  Blork the orc (D:5)
  A crimson imp (D:5)
  A hound (D:4)
  An orc wizard (D:5)
  An iguana (D:5)
  Natasha (thrice) (D:4)
  3 worker ants
  3 adders
  2 shadow imps
  An ooze (D:3)
  2 worms (D:2)
  2 dart slugs
  3 leopard geckos
  8 orcs
  4 ball pythons
  8 bats
  7 giant cockroaches
  8 hobgoblins
  3 jackals (D:4)
  2 quokkas (D:4)
  7 frilled lizards
  5 goblins
  8 kobolds
  A leopard gecko skeleton (D:5)
  A quokka skeleton (D:4)
  7 rats
96 creatures vanquished.

Notes
Turn   | Place    | Note
-------+----------+-------------------------------------------
     0 | D:1      | Alfie the Minotaur Hunter began the quest for the Orb.
     0 | D:1      | Reached XP level 1. HP: 18/18 MP: 0/0
   107 | D:1      | Reached XP level 2. HP: 22/25 MP: 1/1
   369 | D:1      | Reached skill level 5 in Bows
   802 | D:2      | Reached XP level 3. HP: 10/30 MP: 2/2
  1186 | D:2      | Reached skill level 1 in Armour
  1281 | D:2      | Reached skill level 1 in Short Blades
  1937 | D:3      | Reached XP level 4. HP: 38/38 MP: 3/3
  2113 | D:3      | Gained mutation: Your body sometimes deteriorates upon taking damage. [potion of mutation]
  2113 | D:3      | Gained mutation: Your muscles are strong. (Str +2) [potion of mutation]
  2113 | D:3      | Gained mutation: You are partially covered in thin metallic scales. (AC +2) [potion of mutation]
  2323 | D:3      | Found a blossoming altar of Fedhas.
  2740 | D:4      | Noticed Natasha
  2748 | D:4      | Killed Natasha
  2748 | D:4      | Reached XP level 5. HP: 43/45 MP: 4/4
  3122 | D:4      | Noticed a phantom
  3132 | D:4      | Killed a phantom
  3132 | D:4      | Reached skill level 6 in Bows
  3172 | D:4      | Noticed Natasha
  3181 | D:4      | Killed Natasha
  3181 | D:4      | Reached XP level 6. HP: 52/52 MP: 5/5
  3297 | D:4      | Noticed Natasha
  3304 | D:4      | Killed Natasha
  3339 | D:5      | Entered Level 5 of the Dungeon
  3443 | D:5      | Reached skill level 7 in Bows
  3505 | D:5      | Reached skill level 1 in Stealth
  3598 | D:5      | Got a warped scale mail
  3663 | D:5      | Noticed Blork the orc
  3667 | D:5      | Killed Blork the orc
  3667 | D:5      | Reached XP level 7. HP: 54/59 MP: 6/6
  4083 | D:6      | Reached skill level 8 in Bows
  4140 | D:6      | Noticed Menkaure
  4149 | D:6      | Killed Menkaure
  4150 | D:6      | Splashed by a jelly's acid

Skill      XL: |  1  2  3  4  5  6  7 |
---------------+----------------------+-----
Bows           | 5 6 7 8 |  8.5
Armour         | 1 2 |  2.6
Short Blades   | 1 |  1.8
Fighting       | 3 4 |  4.4
Dodging        | 3 |  3.4
Stealth        | 1 |  1.0

Action                   |  1- 3 |  4- 6 |  7- 9 || total
-------------------------+-------+-------+-------++-------
Melee: Short sword       |    64 |    16 |       ||    80
       Headbutt          |     7 |     1 |       ||     8
 Fire: Shortbow          |    22 |   138 |    48 ||   208
Throw: Tomahawk          |     2 |       |       ||     2
  Use: Scroll            |     3 |    12 |       ||    15
       Potion            |     2 |     1 |     1 ||     4
  Eat: Bread ration      |     1 |     1 |       ||     2
       Fruit             |       |     1 |       ||     1
Armor: Leather armour    |    29 |    25 |     1 ||    55
Dodge: Dodged            |    67 |    45 |    10 ||   122
